 Dungeon Crawl Stone Soup version 0.29.1-12-g30fa7ad0bf (webtiles) character file.

Game seed: 13326538150913832586

95 mortz the Trooper (level 4, 0/50 HPs)
             Began as an Ogre Fighter on Jan 3, 2023.
             Slain by a gnoll
             ... wielding a +0 halberd of freezing
              (5 damage)
             ... on level 2 of the Dungeon.
             The game lasted 00:06:55 (1761 turns).

mortz the Trooper (Ogre Fighter)                    Turns: 1761, Time: 00:06:55

Health: 0/50       AC:  3    Str: 22    XL:     4   Next: 66%
Magic:  4/4        EV:  8    Int:  9    God:
Gold:   69         SH:  7    Dex:  8    Spells: 3/3 levels left

rFire   . . .      SeeInvis .   a - +0 war axe
rCold   . . .      Faith    .   c - +0 kite shield
rNeg    . . .      Spirit   .   l - +0 robe
rPois   .          Reflect  .   (helmet restricted)
rElec   .          Harm     .   (no cloak)
rCorr   .          Rampage  .   (gloves unavailable)
Will    .....                   (boots unavailable)
Stlth   +.........              (no amulet)
HPRegen 0.16/turn               k - ring of wizardry
MPRegen 0.09/turn               (no ring)

@: no status effects
A: large, unfitting armour, tough skin 1
a: no special abilities


You were on level 2 of the Dungeon.
You visited 1 branch of the dungeon, and saw 2 of its levels.

You collected 69 gold pieces.

Inventory:

Hand Weapons
 a - a +0 war axe (weapon)
 b - a +0 sling
 h - a +0 mace
Missiles
 j - 17 stones (quivered)
Armour
 c - a +0 kite shield (worn)
 l - a +0 robe (worn)
Jewellery
 k - a ring of wizardry (left hand)
Wands
 m - a wand of light (3)
Scrolls
 e - a scroll of vulnerability {unknown}
 g - a scroll of enchant weapon {unknown}
 o - a scroll of amnesia {unknown}
Potions
 d - a potion of might
 f - 2 potions of degeneration {unknown}
 i - a potion of magic {unknown}
 n - 2 potions of curing {unknown}


   Skills:
 + Level 5.1 Fighting
 + Level 3.1 Axes
 - Level 3.1 Dodging
 - Level 3.4 Shields


You had 3 spell levels left.
You didn't know any spells.
Your spell library was empty.

Dungeon Overview and Level Annotations

Branches:
Dungeon (2/15) Zot: 10169

Altars:

Shops:
D:2 [


Innate Abilities, Weirdness & Mutations

You are too large for most types of armour.
You have tough skin. (AC +1)


Message History

The sling bullet closely misses the gnoll.
The gnoll shouts!
You shoot a sling bullet. The gnoll shouts!
The sling bullet hits the gnoll but does no damage.
The gnoll closely misses you. The gnoll hits you with a +0 club.
a - a +0 war axe (weapon)
You closely miss the gnoll. The gnoll hits you with a +0 club.
The gnoll hits you from afar with a +0 halberd of freezing!
The gnoll freezes you.
You slash the gnoll!
You kill the gnoll!
You are too injured to fight recklessly!
You are too injured to fight recklessly!
You are too injured to fight recklessly!
You are too injured to fight recklessly!
You are too injured to fight recklessly!
You are too injured to fight recklessly!
You are too injured to fight recklessly!
You are too injured to fight recklessly!
You are too injured to fight recklessly!
You are too injured to fight recklessly!
You closely miss the gnoll.
The gnoll hits you with a +0 halberd of freezing!
The gnoll freezes you.
* * * LOW HITPOINT WARNING * * *
The gnoll hits you with a +0 halberd of freezing.
* * * LOW HITPOINT WARNING * * *
The gnoll freezes you.
* * * LOW HITPOINT WARNING * * *
Aiming: Bolt of Light
Press: ? - help, Q - select action, (/) - cycle Shift-Dir - straight line, f - gnoll
Aim: a gnoll, wielding a +0 halberd of freezing (75% to hit)
The bolt of light hits the gnoll!
The gnoll is almost dead.
The gnoll is blinded.
The bolt of light misses the gnoll.
The bolt of light hits the gnoll!
You kill the gnoll!
The gnoll hits you with a +0 halberd of freezing.
You die...

........#................#
........##.........#...._#
.......####...<....#######
.............#[.####
........#..#.......###
..........##..........
........## #.......###
.......=.###.......#
........)gg@..........
.........###.......###
.........# #########
g........# g.......##
.......## #######


You could see 2 gnolls.

Vanquished Creatures
  Jessica (D:2)
  Robin (D:2)
  2 gnolls (D:2)
  2 worms
  3 endoplasms (D:1)
  A giant cockroach (D:2)
  10 goblins
  3 hobgoblins
  4 jackals
  A ball python (D:1)
  5 bats
  2 frilled lizards (D:1)
  4 kobolds
  2 rats (D:1)
41 creatures vanquished.

Notes
Turn   | Place    | Note
-------+----------+-------------------------------------------
     0 | D:1      | mortz the Ogre Fighter began the quest for the Orb.
     0 | D:1      | Reached XP level 1. HP: 24/24 MP: 1/1
   374 | D:1      | Reached XP level 2. HP: 32/32 MP: 2/2
  1105 | D:2      | Reached XP level 3. HP: 38/40 MP: 3/3
  1137 | D:2      | Noticed Jessica
  1143 | D:2      | Killed Jessica
  1287 | D:2      | Reached XP level 4. HP: 49/49 MP: 4/4
  1316 | D:2      | Noticed Robin
  1327 | D:2      | Killed Robin
  1644 | D:2      | Reached skill level 5 in Fighting
  1673 | D:2      | Found a faded altar of an unknown god.
  1678 | D:2      | Found Piafoj's Armour Boutique.
  1761 | D:2      | Slain by a gnoll

Illustrated notes

Levels and vault maps discovered:
D:1:      wander_arrival_desolate, layout_basic
D:2:      layout_rooms, shapermc_ecumenical_altar_pompeii, serial_shops,
          nicolae_shop_waterfront, uniq_jessica, uniq_crazy_yiuf_cottage,
          uniq_robin

Skill      XL: |  1  2  3  4 |
---------------+-------------+-----
Dodging        | 3 |  3.1
Fighting       | 5 |  5.1
Axes           | 3 |  3.1
Shields        | |  3.4

Action                   |  1- 3 |  4- 6 || total
-------------------------+-------+-------++-------
Melee: War axe           |    77 |    48 ||   125
 Fire: Sling             |     4 |    18 ||    22
Throw: Stone             |     2 |       ||     2
Evoke: Wand              |       |     1 ||     1
 Stab: Sleeping          |     1 |       ||     1
Armor: Robe              |    31 |    15 ||    46
Dodge: Dodged            |    33 |    20 ||    53
Block: Kite shield       |    43 |    32 ||    75
